 Dungeon Crawl Stone Soup version 0.28.0 (webtiles) character file.

Game seed: 9502386685511770986

8180 diecastcamel the Cleaver (level 11, -3/97 HPs)
             Began as a Green Draconian Cinder Acolyte on Feb 18, 2022.
             Was an Initiate of Ignis.
             Slain by a vampire (6 damage)
             ... on level 8 of the Dungeon.
             The game lasted 01:13:35 (14244 turns).

diecastcamel the Cleaver (DrCA)                    Turns: 14244, Time: 01:13:35

Health: -3/97      AC: 10    Str: 24    XL:     11   Next: 6%
Magic:  0/23       EV: 12    Int: 14    God:    Ignis [......]
Gold:   347        SH:  9    Dex: 10    Spells: 8/14 levels left

rFire   + . .      SeeInvis .   P - +1 falchion (protect)
rCold   . . .      Faith    .   r - +0 kite shield
rNeg    . . .      Spirit   +   (armour unavailable)
rPois   +          Reflect  .   (helmet restricted)
rElec   .          Harm     .   J - +0 cloak
rCorr   .          Rampage  .   a - +0 pair of gloves
Will    .....                   f - +0 pair of boots
Stlth   +.........              A - amulet of guardian spirit
HPRegen 0.26/turn               E - +6 ring of strength
MPRegen 0.18/turn               x - ring of magical power

@: no status effects
A: breathe noxious fumes, AC +7, unfitting armour, poison resistance,
cold-blooded
a: Breathe Noxious Fumes, Renounce Religion


You were on level 8 of the Dungeon.
You worshipped Ignis.
Ignis was noncommittal.
You visited 3 branches of the dungeon, and saw 13 of its levels.

You collected 636 gold pieces.
You spent 289 gold pieces at shops.

Inventory:

Hand Weapons
 s - a +0 war axe
 H - a +4 flail
 P - a +1 falchion of protection (weapon)
Missiles
 g - 21 poisoned darts
 M - 5 boomerangs
Armour
 a - a +0 pair of gloves (worn)
 f - a +0 pair of boots (worn)
 j - a scarf of invisibility
 r - a +0 kite shield (worn)
 J - a +0 cloak (worn)
Jewellery
 x - a ring of magical power (right hand)
 A - an amulet of guardian spirit (around neck)
 E - a +6 ring of strength (left hand)
 I - a ring of see invisible
 K - an amulet of regeneration
Wands
 w - a wand of digging (6)
 O - a wand of polymorph (2)
Scrolls
 b - 15 scrolls of identify {unknown}
 d - 6 scrolls of teleportation {unknown}
 e - 3 scrolls of amnesia {unknown}
 i - a scroll of silence {unknown}
 n - a scroll of enchant weapon {unknown}
 t - a scroll of immolation {unknown}
 v - 2 scrolls of torment {unknown}
 y - a scroll of acquirement {unknown}
 B - a scroll of blinking {unknown}
 C - 2 scrolls of magic mapping {unknown}
 D - a scroll of vulnerability {unknown}
 G - 2 scrolls of enchant armour {unknown}
 L - a scroll of fog {unknown}
 N - a scroll of fear {unknown}
Potions
 c - 3 potions of haste {unknown}
 h - a potion of lignification {unknown}
 k - 2 potions of ambrosia {unknown}
 l - a potion of flight {unknown}
 m - 2 potions of attraction {unknown}
 o - 3 potions of might
 p - a potion of heal wounds {unknown}
 q - 7 potions of curing {unknown}
 u - a potion of magic {unknown}
 z - a potion of resistance
 F - a potion of brilliance {unknown}


   Skills:
 + Level 9.5 Fighting
 - Level 10.0 Axes
 + Level 7.2 Dodging
 + Level 7.2 Shields
 - Level 2.2 Spellcasting
 + Level 5.2 Fire Magic


You had 8 spell levels left.
You knew the following spells:

 Your Spells              Type           Power      Damage    Failure   Level
a - Scorch                Fire           32%        2d6       11%         2
b - Animate Skeleton      Necr           2%         N/A       52%         1
c - Conjure Flame         Conj/Fire      8%         6-21      52%         3

Your spell library contained the following spells:

 Spells                   Type           Power      Damage    Failure   Level
 Pain                     Necr           4%         1d4       52%         1
 Summon Small Mammal      Summ           4%         N/A       52%         1
 Sublimation of Blood     Necr           1%         N/A       65%         2
 Wereblood                Tmut           1%         N/A       65%         2
 Ignite Poison            Fire/Tmut/Pois 6%         N/A       65%         3
 Call Canine Familiar     Summ           1%         N/A       87%         3
 Summon Guardian Golem    Hex/Summ       1%         N/A       87%         3
 Vampiric Draining        Necr           1%         2d6       87%         3
 Sticky Flame             Conj/Fire      8%         2d3       89%         4
 Fireball                 Conj/Fire      4%         3d4       99%         5
 Iskenderun's Battlesphe  Conj           1%         2d6       100%        5
 Conjure Ball Lightning   Conj/Air       0%         3x3d6     100%        6
 Orb of Destruction       Conj           0%         9d5       100%        7
 Summon Hydra             Summ           0%         N/A       100%        7


Dungeon Overview and Level Annotations

Branches:
Dungeon (11/15)            Temple (1/1) D:5            Lair (1/6) D:8
    Orc (0/2) D:10

Altars:
Ashenzari
Cheibriados
Dithmenos
Elyvilon
Fedhas
Gozag
Makhleb
Nemelex Xobeh
Okawaru
Qazlal
Ru
Sif Muna
Trog
Vehumet
Xom
Yredelemnul
Zin
The Shining One

Shops:
D:2 [   D:3 *(*(=   D:7 [   D:10 (

Annotations:
D:11 2 runed translucent doors


Innate Abilities, Weirdness & Mutations

You can breathe blasts of noxious fumes.
Your lurid green scales are hard. (AC +7)
You cannot fit into any form of body armour.
Your system is resistant to poisons. (rPois)
You are cold-blooded and may be slowed by cold attacks.


Message History

You completely miss something. Something hits you!
* * * LOW HITPOINT WARNING * * *
Something bites you!
* * * LOW HITPOINT WARNING * * *
Something draws strength from your injuries!
The orc warrior is engulfed in noxious fumes.
The orc warrior appears confused.
Something hits you but does no damage. Something bites you.
* * * LOW HITPOINT WARNING * * *
Something draws strength from your injuries!
You barely miss something. Something hits you but does no damage.
Something bites you but does no damage.
You closely miss something. Something hits you but does no damage.
Something bites you.
* * * LOW HITPOINT WARNING * * *
Something draws strength from your injuries!
The orc warrior is engulfed in noxious fumes.
The orc warrior appears confused.
The orc warrior completely misses something.
Something hits you.
* * * LOW HITPOINT WARNING * * *
Something bites you.
* * * LOW HITPOINT WARNING * * *
Something draws strength from your injuries!
You barely miss something. Something hits you but does no damage.
Something bites you but does no damage. Something hits you.
* * * LOW HITPOINT WARNING * * *
Something bites you!
* * * LOW HITPOINT WARNING * * *
Something draws strength from your injuries!
The orc warrior barely misses something.
You climb upwards.
Reactivating autopickup.
There is a stone staircase leading down here.
Deactivating autopickup; reactivate with Ctrl-A.
You barely miss something.
You have got your breath back.
Something hits you but does no damage. Something bites you!
You die...

.....##≈≈............≈≈##.#.####.
#####.##≈≈........).≈≈###.#.# ###
#..##≈≈........≈≈##.#.#.# #..
#...##≈≈......≈≈##....#.###..
#####<...##≈≈≈..≈≈≈###..###.#..[.
..........####''#### #..# #.#.#..
.................# #..# #.#.#..
.........^.#.##..#####..###.#.#..
.....(.....+..#.@...).......#.##.
...........#..#.######..#####....
...........#..#.....##..########.
...........#.[###.#.##...........
##########.#..#.#...##.##########
................#.####.#
##########.#..#.#.####.#
#.#..#.#......# #....#.########


There were no monsters in sight!

Vanquished Creatures
  2 two-headed ogres
  A cyclops (D:11)
  Joseph (D:7)
  A troll (D:8)
  6 yaks (D:10)
  A wyvern (D:9)
  A steam dragon (D:7)
  3 water moccasins
  A sky beast (D:7)
  A hornet zombie (D:7)
  A necrophage (D:6)
  An ice beast (D:6)
  5 orc warriors
  2 black bears
  7 centaurs
  2 ogres
  4 wolves (D:8)
  A phantom (D:6)
  5 bullfrogs
  A kobold brigand (D:7)
  3 scorpions
  A wyvern zombie (D:7)
  2 wyvern skeletons
  A water moccasin zombie (D:5)
  A water moccasin skeleton (D:5)
  10 wights (D:7)
  4 electric eels (D:8)
  5 howler monkeys
  4 centaur zombies
  3 hounds
  A bullfrog zombie (D:6)
  3 jellies
  A bullfrog skeleton (D:6)
  An orc priest (D:9)
  2 gnoll shamans
  An iron imp (D:7)
  3 iguanas (D:4)
  7 orc wizards
  A killer bee zombie (D:9)
  3 ogre zombies (D:5)
  A howler monkey zombie (D:8)
  Robin (D:4)
  10 gnolls
  A howler monkey skeleton (D:6)
  4 adders
  An ufetubus (D:6)
  2 adder skeletons
  3 worms (D:3)
  A dart slug (D:2)
  26 orcs
  6 bats
  5 endoplasms
  3 giant cockroaches
  14 goblins
  18 hobgoblins
  2 jackals (D:1)
  9 kobolds
  8 quokkas
  4 ball pythons
  2 frilled lizards (D:1)
  8 rats
233 creatures vanquished.

Vanquished Creatures (others)
  An electric eel (D:8)
  An orc (D:8)
  47 foxfires
49 creatures vanquished.

Grand Total: 282 creatures vanquished

Notes
Turn   | Place    | Note
-------+----------+-------------------------------------------
     0 | D:1      | diecastcamel the Draconian Cinder Acolyte began the quest
                  | for the Orb.
     0 | D:1      | Reached XP level 1. HP: 19/19 MP: 2/2
   312 | D:1      | Reached XP level 2. HP: 26/26 MP: 3/3
   844 | D:1      | Reached skill level 1 in Dodging
  1470 | D:2      | Reached XP level 3. HP: 33/33 MP: 4/4
  1735 | D:2      | Found Qaxkuodu's Armour Emporium.
  2496 | D:3      | Found Kegapum's Weapon Shop.
  2567 | D:3      | Reached XP level 4. HP: 32/40 MP: 5/5
  2721 | D:3      | Found Ciuc's General Store.
  2765 | D:3      | Found Zeeteef's Weapon Boutique.
  2803 | D:3      | Found Uleuc's Jewellery Shoppe.
  2831 | D:3      | Found Pise Zuk's Assorted Antiques.
  2913 | D:3      | Noticed a bullfrog
  2922 | D:3      | Killed a bullfrog
  2923 | D:3      | Reached skill level 4 in Axes
  2923 | D:3      | Reached XP level 5. HP: 46/47 MP: 6/6
  3018 | D:3      | Found a faded altar of an unknown god.
  3519 | D:2      | Bought a +0 kite shield for 63 gold pieces
  3805 | D:3      | Bought a +0 war axe for 38 gold pieces
  4036 | D:4      | Noticed an ogre
  4048 | D:4      | Killed an ogre
  4049 | D:4      | Reached skill level 5 in Fighting
  4049 | D:4      | Reached skill level 1 in Shields
  4049 | D:4      | Reached XP level 6. HP: 56/56 MP: 7/7
  4231 | D:4      | Noticed Robin
  4238 | D:4      | Killed Robin
  4583 | D:4      | Found a broken altar of Ashenzari.
  5249 | D:5      | Entered Level 5 of the Dungeon
  5249 | D:5      | Found a transporter.
  5400 | D:5      | Your scales start taking on a lurid green colour.
  5400 | D:5      | Reached XP level 7. HP: 56/61 MP: 8/8
  5400 | D:5      | Gained mutation: Your system is resistant to poisons.
                  | (rPois) [Green Draconian growth]
  5506 | D:5      | Found a staircase to the Ecumenical Temple.
  5515 | Temple   | Entered the Ecumenical Temple
  5593 | D:5      | Reached skill level 5 in Axes
  5797 | D:5      | Found a transporter.
  6615 | D:6      | Reached skill level 6 in Axes
  6639 | D:6      | Reached XP level 8. HP: 62/70 MP: 9/9
  7389 | D:6      | Reached skill level 7 in Axes
  7835 | D:7      | Noticed Joseph
  7858 | D:7      | Killed Joseph
  7859 | D:7      | Reached skill level 5 in Dodging
  7859 | D:7      | Reached XP level 9. HP: 79/79 MP: 10/10
  7881 | D:7      | Found Syits's Antique Armour Shop.
  7884 | D:7      | Bought a pair of gloves for 94 gold pieces
  8015 | D:7      | Found a snail-covered altar of Cheibriados.
  8240 | D:7      | Reached skill level 8 in Axes
  8430 | D:7      | Bought a cloak for 94 gold pieces
  8528 | D:7      | Noticed a boulder beetle
  9051 | D:7      | Reached skill level 5 in Shields
  9096 | D:7      | Learned a level 2 spell: Scorch
  9232 | D:7      | Found a sacrificial altar of Ru.
  9837 | D:8      | Reached skill level 9 in Axes
 10093 | D:8      | Found a staircase to the Lair.
 10417 | Lair:1   | Entered Level 1 of the Lair of Beasts
 10448 | D:8      | Learned a level 1 spell: Animate Skeleton
 10829 | D:8      | Reached XP level 10. HP: 88/88 MP: 13/13
 11735 | D:9      | Noticed a two-headed ogre
 11747 | D:9      | Killed a two-headed ogre
 11820 | D:9      | Learned a level 3 spell: Conjure Flame
 11831 | D:9      | Found a burning altar of Makhleb.
 11977 | D:10     | Entered Level 10 of the Dungeon
 12357 | D:10     | Found a staircase to the Orcish Mines.
 12357 | D:10     | Found Irossym's Weapon Shoppe.
 13059 | D:10     | Found a basalt altar of Yredelemnul.
 13370 | D:11     | Noticed a two-headed ogre
 13387 | D:11     | Killed a two-headed ogre
 13388 | D:11     | Reached skill level 5 in Fire Magic
 13526 | D:11     | Noticed a cyclops
 13536 | D:11     | Killed a cyclops
 13537 | D:11     | Reached skill level 10 in Axes
 13561 | D:11     | Found a runed translucent door.
 13563 | D:11     | Found a runed translucent door.
 13580 | D:11     | Reached XP level 11. HP: 97/97 MP: 14/14
 14242 | D:9      | HP: 2/97 [something (8)]
 14244 | D:8      | Slain by a vampire

Illustrated notes

Levels and vault maps discovered:
D:1:      dpeg_arrival_simpleton_a, layout_basic, grunt_decor_fettered
D:2:      layout_loops_corners, serial_shops, shop
D:3:      layout_rooms, nicolae_overflow_hidden_temple,
          nicolae_ecumenical_pavilion, serial_shops, shop, shop, shop, shop,
          nicolae_shop_bloodbath_and_beyond, minmay_puff
D:4:      minmay_door_path, layout_basic, nicolae_ashenzari_skybound,
          lightli_ossuary_entry_decrepit_ruins, uniq_robin
D:5:      gammafunk_cloud_chamber, layout_basic, minmay_temple_entry_slanted,
          interstate_on_off, kennysheep_generic_room_12
D:6:      layout_loops_corners
D:7:      layout_basic, nicolae_ru_path_of_blood, chei_slow_surprise,
          serial_shops, nicolae_shop_window_shopping, minmay_joined_circles,
          uniq_joseph
D:8:      layout_basic, erik_lair_island, kennysheep_big_empty_room
D:9:      layout_loops_ring, mainiacjoe_overflow_small_starburst, uniq_harold
D:10:     layout_basic, mainiacjoe_overflow_alcove_1, orc_david_3
D:11:     lemuel_insect_pit, layout_irregular_city, nicolae_trove_entry_columns
Temple:   cyrus_circular_temple
Lair:1:   layout_loops_ring, serial_forest, infiniplex_forest_clump_curved,
          infiniplex_forest_clump_double, infiniplex_forest_lined_3_way,
          infiniplex_forest_lined_2, infiniplex_forest_lined_4_way,
          infiniplex_forest_clump_double, infiniplex_forest_clump_tiny,
          grunt_megastairs_3, infiniplex_staircase_pool

Skill      XL: |  1  2  3  4  5  6  7  8  9 10 |
---------------+-------------------------------+-----
Dodging        | 1 2 3 4 5 6 7 |  7.2
Fighting       | 4 5 6 7 8 9 |  9.5
Axes           | 4 6 7 9 10 | 10.0
Shields        | 1 2 3 4 5 7 |  7.2
Spellcasting   | 2 |  2.2
Fire Magic     | 5 |  5.2

Action                   |  1- 3 |  4- 6 |  7- 9 | 10-12 || total
-------------------------+-------+-------+-------+-------++-------
Melee: Hand axe          |   111 |    73 |       |       ||   184
       Tailslap          |     7 |    16 |    62 |    30 ||   115
       Punch             |     1 |       |       |       ||     1
       War axe           |       |   121 |   346 |   175 ||   642
       Falchion          |       |       |       |    12 ||    12
Throw: Dart              |     2 |    12 |    18 |       ||    32
 Cast: Scorch            |       |       |     9 |    26 ||    35
       Animate Skeleton  |       |       |     2 |       ||     2
       Conjure Flame     |       |       |       |     1 ||     1
Invok: Fiery Armour      |     2 |     3 |     3 |       ||     8
       Foxfire Swarm     |     1 |     1 |     1 |       ||     3
       Rising Flame      |       |       |     1 |       ||     1
 Abil: Breathe Noxious F |       |       |    16 |    20 ||    36
 Stab: Confused          |       |       |     3 |     6 ||     9
Armor: Skin              |    50 |    64 |    99 |    85 ||   298
Dodge: Dodged            |    82 |   106 |   174 |   113 ||   475
Block: Kite shield       |       |    38 |   142 |    96 ||   276
